 Dungeon Crawl Stone Soup version 0.28.0-53-g5a82cb258f (webtiles) character file.

Game seed: 9881293213984803793

291 Descartes the Covert (level 6, -1/29 HPs)
             Began as a Felid Delver on June 6, 2022.
             Slain by a white imp (3 damage)
             ... on level 6 of the Dungeon.
             The game lasted 00:01:58 (979 turns).

Descartes the Covert (Felid Delver)                  Turns: 979, Time: 00:01:59

Health: -1/29      AC:  2    Str: 16    XL:     6   Next: 10%
Magic:  7/7        EV: 20    Int: 11    God:
Gold:   61         SH:  0    Dex: 18    Spells: 5/5 levels left
                                        Lives:  0   Deaths: 1

rFire   . . .      SeeInvis +     - Unarmed
rCold   . . .      Faith    .   (shield unavailable)
rNeg    . . .      Spirit   .   (armour unavailable)
rPois   .          Reflect  .   (helmet unavailable)
rElec   .          Harm     .   (cloak unavailable)
rCorr   .          Rampage  .   (gloves unavailable)
Will    .....                   (boots unavailable)
Stlth   ++........              (no amulet)
HPRegen 0.09/turn               f - +6 ring of strength
MPRegen 0.10/turn               (no ring)

@: lit by a corona, glowing, quick
A: very small, claws 1, fangs 3, see invisible, speed 1, shaggy fur 2, stealthy
paws, no weapons or thrown items, no armour, multi-lived
a: no special abilities


You were on level 6 of the Dungeon.
You visited 1 branch of the dungeon, and saw 2 of its levels.

You collected 61 gold pieces.

Inventory:

Jewellery
 f - a +6 ring of strength (left paw)
Wands
 e - a wand of digging (3)
 h - a wand of flame (7)
Scrolls
 a - a scroll of fog
 b - a scroll of magic mapping
 c - a scroll of fear
 g - a scroll of teleportation {unknown}
 i - 3 scrolls of blinking {unknown}
 k - a scroll of immolation {unknown}
Potions
 d - a potion of haste
 j - a potion of invisibility {unknown}


   Skills:
 + Level 4.5 Fighting
 + Level 5.2 Dodging
 + Level 8.3 Stealth
 + Level 3.9 Unarmed Combat


You had 5 spell levels left.
You didn't know any spells.
Your spell library contained the following spells:

 Spells                   Type           Power      Damage    Failure   Level
 Blink                    Tloc           0%         N/A       47%         2
 Lesser Beckoning         Tloc           0%         N/A       71%         3
 Manifold Assault         Tloc           0%         N/A       100%        5


Dungeon Overview and Level Annotations

Branches:
Dungeon (5/15)
 Temple: D:4-7

Altars:

Annotations:
D:5 Ijyb


Innate Abilities, Weirdness & Mutations

You have sharp claws.
You have razor-sharp teeth.
You have supernaturally acute eyesight. (SInv)
You cover ground quickly. (Speed+)
You are covered in thick fur. (AC +2)
Your paws help you pounce on unaware monsters.
You are incapable of wielding weapons or throwing items.
You cannot wear armour.
You gain extra lives every three experience levels.


Message History

You see here a black bear corpse.
The white imp picks up a beetle and eats it.
The white imp shouts, "Away with thee, thou clouted miscreant clotpole!"
The gnoll shaman mumbles some strange prayers to its god against you.
You are outlined in light.
You claw the gnoll shaman!
You bite the gnoll shaman, but do no damage.
The gnoll shaman is heavily wounded.
The gnoll shaman completely misses you.
You scratch the gnoll shaman but do no damage.
You bite the gnoll shaman, but do no damage.
The gnoll shaman is heavily wounded.
The gnoll shaman hits you with a +0 whip!
You scratch the gnoll shaman but do no damage.
The gnoll shaman is heavily wounded.
The gnoll shaman barely misses you.
You scratch the gnoll shaman but do no damage.
The gnoll shaman is heavily wounded.
You scratch the gnoll shaman.
The gnoll shaman is severely wounded.
The gnoll shaman prays to its god.
The gnoll shaman is healed somewhat.
Unknown command.
You claw the gnoll shaman! Your bite misses the gnoll shaman.
The gnoll shaman is almost dead.
The gnoll shaman closely misses you.
You scratch the gnoll shaman.
You kill the gnoll shaman!
Welcome back to level 6!
You scratch the white imp.
The white imp is lightly wounded.
The white imp hits you. The white imp freezes you.
The gnoll hits you from afar with a +0 spear.
* * * LOW HITPOINT WARNING * * *
You barely miss the white imp.
The white imp is lightly wounded.
The white imp hits you.
* * * LOW HITPOINT WARNING * * *
The white imp freezes you.
You die...

##########################
#.gg.gSg5@................
#.#####################...
#.# #... ########5## #...
.......†S.# #...
......(.g.# #)..
..........# #...
.......#$## #...
######.#.# #...


You could see 4 gnolls, an adder and a white imp.

Vanquished Creatures
  A black bear (D:6)
  A necrophage (D:5)
  A centaur (D:6)
  A bullfrog (D:5)
  A howler monkey (D:6)
  A gnoll shaman (D:6)
  A bullfrog skeleton (D:5)
  A hound zombie (D:5)
  An adder (D:5)
  5 orcs (D:6)
14 creatures vanquished.

Vanquished Creatures (others)
  9 toadstools (D:6)
9 creatures vanquished.

Grand Total: 23 creatures vanquished

Notes
Turn   | Place    | Note
-------+----------+-------------------------------------------
     0 | D:5      | Descartes the Felid Delver began the quest for the Orb.
     0 | D:5      | Reached XP level 1. HP: 10/10 MP: 2/2
    32 | D:5      | Reached XP level 2. HP: 14/14 MP: 3/3
    40 | D:5      | Reached skill level 7 in Stealth
    40 | D:5      | Reached XP level 3. HP: 17/17 MP: 4/4
    49 | D:5      | Noticed a black bear
   196 | D:5      | Noticed a bullfrog
   242 | D:5      | Noticed a necrophage
   246 | D:5      | Killed a necrophage
   247 | D:5      | Reached XP level 4. HP: 16/22 MP: 5/5
   344 | D:5      | Noticed Ijyb
   364 | D:5      | Killed a bullfrog
   365 | D:5      | Reached XP level 5. HP: 10/25 MP: 6/6
   568 | D:5      | You fall into a shaft and drop 1 floor!
   586 | D:6      | Noticed a centaur
   600 | D:6      | Killed a centaur
   601 | D:6      | Reached skill level 8 in Stealth
   601 | D:6      | Gained mutation: You are covered in thick fur. (AC +2)
                  | [Felid growth]
   601 | D:6      | Reached XP level 6. HP: 18/28 MP: 7/7
   763 | D:6      | Slain by a centaur warrior zombie
   764 | D:6      | Reached XP level 5. HP: -2/25 MP: 6/6
   804 | D:6      | Noticed a centaur
   942 | D:6      | Noticed a black bear
   946 | D:6      | Killed a black bear
   947 | D:6      | Reached skill level 5 in Dodging
   978 | D:6      | Reached XP level 6. HP: 15/29 MP: 7/7
   979 | D:6      | Slain by a white imp

Illustrated notes

Levels and vault maps discovered:
D:5:      layout_gridville, mainiacjoe_overflow_concentric_impassable, uniq_ijyb
D:6:      cheibrodos_fertilizer, layout_basic, serial_shops, shop_coins,
          mrwooster_statue_mirror

Skill      XL: |  1  2  3  4  5 |
---------------+----------------+-----
Dodging        | 3 4 5 |  5.2
Stealth        | 7 8 |  8.3
Unarmed Combat | 3 |  3.9
Fighting       | 4 |  4.5

Action                   |  1- 3 |  4- 6 || total
-------------------------+-------+-------++-------
Melee: Unarmed           |     7 |    51 ||    58
       Bite              |     3 |     4 ||     7
       Punch             |       |     2 ||     2
 Stab: Distracted        |     1 |       ||     1
       Sleeping          |     2 |     3 ||     5
Dodge: Dodged            |     9 |    56 ||    65
